 Seeded DCSS version 0.30-a0-918-g0ff054e9dc (webtiles) character file.

Game seed: 3425090202442293766 (custom seed)

333 bmack86 the Chopper (level 6, 0/55 HPs)
             Began as a Minotaur Fighter on Mar 21, 2023.
             Slain by Grinder (1 damage)
             ... on level 3 of the Dungeon.
             The game lasted 00:07:01 (2440 turns).

bmack86 the Chopper (Minotaur Fighter)              Turns: 2440, Time: 00:07:02

Health: 0/55       AC: 12    Str: 23    XL:     6   Next: 27%
Magic:  0/5        EV:  7    Int:  5    God:
Gold:   208        SH:  0    Dex:  9    Spells: 5/5 levels left

rFire   . . .      SeeInvis +    a - +0 war axe
rCold   + . .      Faith    .    c - +0 buckler
rNeg    . . .      Spirit   +    F - +0 chain mail {rC+}
rPois   .          Reflect  .    (helmet restricted)
rElec   .          Rampage  .    (no cloak)
rCorr   .                        i - +0 pair of gloves
Will    .....                    t - +0 pair of boots Stlth
                                 m - amulet of guardian spirit
HPRegen 0.29/turn                k - ring of see invisible
MPRegen 0.09/turn                (no ring)

@: confused
A: horns 2, retaliatory headbutt
a: no special abilities


You were on level 3 of the Dungeon.
You visited 1 branch of the dungeon, and saw 4 of its levels.

You collected 230 gold pieces.
You spent 22 gold pieces at shops.

Inventory:

Hand Weapons
 a - a +0 war axe (weapon)
Missiles
 h - a poisoned dart (quivered)
 s - 2 throwing nets
 v - 3 javelins
Armour
 c - a +0 buckler (worn)
 i - a +0 pair of gloves (worn)
 t - a +0 pair of boots (worn)
 F - a +0 chain mail of cold resistance (worn)
Jewellery
 k - a ring of see invisible (left hand)
 m - an amulet of guardian spirit (around neck)
 q - an amulet of the acrobat
Scrolls
 e - 2 scrolls of acquirement
 f - 2 scrolls of noise
 g - a scroll of blinking {unknown}
 j - a scroll of enchant armour {unknown}
 o - 2 scrolls of magic mapping
 w - a scroll of fear {unknown}
 x - a scroll of silence {unknown}
 y - a scroll of immolation {unknown}
 A - a scroll of fog {unknown}
 C - 2 scrolls of teleportation {unknown}
Potions
 d - 2 potions of might
 l - a potion of degeneration
 n - a potion of resistance
 p - 2 potions of curing
 u - a potion of brilliance {unknown}
 z - 2 potions of ambrosia {unknown}
 B - a potion of attraction {unknown}
 D - a potion of haste {unknown}
 E - a potion of flight {unknown}


   Skills:
 + Level 4.8 Fighting
 * Level 5.0 Axes
 + Level 2.1 Throwing
 + Level 4.8 Armour
 + Level 4.7 Shields


You had 5 spell levels left.
You didn't know any spells.
Your spell library contained the following spells:

 Spells                   Type           Power      Damage    Failure   Level
 Blink                    Tloc           0%         N/A       100%        2
 Manifold Assault         Tloc           0%         N/A       100%        4
 Storm Form               Tmut/Air       0%         N/A       100%        7


Dungeon Overview and Level Annotations

Branches:
Dungeon (4/15)
 Temple: D:4-7

Altars:

Shops:
D:2 ?(

Annotations:
D:3 Grinder


Innate Abilities, Weirdness & Mutations

You have a pair of horns on your head.
You reflexively headbutt those who attack you in melee.


Message History

The poisoned dart closely misses Grinder.
The orc priest calls down the wrath of Beogh upon you.
Beogh smites you!
You hit the hobgoblin. Your headbutt misses the hobgoblin.
The hobgoblin is heavily wounded.
You closely miss Grinder. The hobgoblin barely misses you.
Grinder hits you but does no damage. You block the hobgoblin's attack.
The orc wizard barely misses you. You block Grinder's attack.
A hobgoblin comes into view.
The kobold hits you but does no damage.
The orc priest calls down the wrath of Beogh upon you.
Beogh smites you!
The hobgoblin shouts!
Grinder gestures at you. Pain shoots through your body!
The kobold hits you but does no damage.
The orc priest mumbles some strange prayers to Beogh against you.
Beogh smites you!
* * * LOW HITPOINT WARNING * * *
You block the hobgoblin's attack.
You climb upwards.
There is a stone staircase leading down here.
You closely miss Grinder. You hit the hobgoblin but do no damage.
You barely miss the kobold. You closely miss the orc wizard.
Grinder looks more healthy.
The hobgoblin hits you but does no damage.
The kobold hits you but does no damage. Grinder gestures at you.
Pain shoots through your body!
* * * LOW HITPOINT WARNING * * *
The orc wizard gestures at you while chanting.
You are confused.
You slash Grinder! Your headbutt misses Grinder.
Grinder is moderately wounded.
You miss the orc wizard. You hit the hobgoblin. You hit the kobold.
You kill the kobold!
The hobgoblin hits you but does no damage.
Grinder hits you!
* * * LOW HITPOINT WARNING * * *
You writhe in agony.
You die...

#.............#
#.####........# #####
#.# #.......)######...#
#.# #.................##
#.# #...).............'.
#.# ####'###..........##
#.#######.#######.##...#
#.##...g).........##...#
#..'....@5........##...#
####....o########[##...#
#####......#...######
########..###.#.###
#...........#.#.#
#.######..#.#.#.# #.#
#..#.#.#.# #.#
#..#.#.#.# #.#
#..#.#.#.#


You could see Grinder, an orc wizard and a hobgoblin.

Vanquished Creatures
  Sigmund (D:3)
  Terence (D:3)
  4 adders (D:2)
  A worm (D:2)
  12 dart slugs
  2 orcs
  7 ball pythons
  7 bats
  4 endoplasms
  3 giant cockroaches
  6 goblins
  4 hobgoblins
  3 kobolds
  A quokka (D:2)
  4 frilled lizards
  13 rats
73 creatures vanquished.

Notes
Turn   | Place    | Note
-------+----------+-------------------------------------------
     0 | D:1      | bmack86 the Minotaur Fighter began the quest for the Orb.
     0 | D:1      | Reached XP level 1. HP: 19/19 MP: 0/0
   152 | D:1      | Reached XP level 2. HP: 24/27 MP: 1/1
   157 | D:1      | Reached skill level 3 in Axes
   337 | D:1      | Found a faded altar of an unknown god.
   790 | D:2      | Found Nareh's Weapon Boutique.
   798 | D:2      | Reached XP level 3. HP: 33/33 MP: 2/2
  1013 | D:2      | Reached XP level 4. HP: 35/40 MP: 3/3
  1151 | D:2      | Reached skill level 1 in Throwing
  1303 | D:2      | Found Lipoy's Magic Scroll Boutique.
  1310 | D:2      | Bought a scroll of identify for 22 gold pieces
  1313 | D:2      | Identified 2 scrolls of acquirement
  1685 | D:3      | Reached skill level 4 in Axes
  2074 | D:3      | Noticed Sigmund
  2087 | D:3      | Killed Sigmund
  2088 | D:3      | Reached skill level 5 in Axes
  2088 | D:3      | Reached XP level 5. HP: 38/47 MP: 4/4
  2088 | D:3      | Reached XP level 6. HP: 44/55 MP: 5/5
  2323 | D:3      | Noticed Terence
  2325 | D:3      | Killed Terence
  2432 | D:4      | Noticed Grinder
  2440 | D:3      | HP: 1/55 [Grinder (6)]
  2440 | D:3      | Slain by Grinder

Illustrated notes

Levels and vault maps discovered:
D:1:      minmay_arrival_loop, layout_basic, ebering_ecumenical_altar_webs,
          moated_statue, minmay_tetromino_s2
D:2:      minmay_angry_zag, layout_basic, serial_shops,
          nicolae_shop_behind_doors, nicolae_shop_bloodbath_and_beyond,
          minmay_cut_off
D:3:      kennysheep_slugbush, layout_basic, uniq_sigmund, uniq_terence
D:4:      layout_layer_cave, gammafunk_temple_overflow_claw,
          nicolae_tso_besieged_by_evil, minivault_24, uniq_grinder

Skill      XL: |  1  2  3  4 |
---------------+-------------+-----
Axes           | 3 5 |  5.0
Fighting       | 4 |  4.8
Shields        | 4 |  4.7
Armour         | 4 |  4.8
Throwing       | 2 |  2.1

Action                     |  1- 3 |  4- 6 || total
---------------------------+-------+-------++-------
  Melee: War axe           |    76 |    80 ||   156
         Headbutt          |     5 |    12 ||    17
  Throw: Dart              |       |     4 ||     4
    Use: Scroll            |       |     6 ||     6
 Armour: Scale mail        |    42 |     8 ||    50
         Chain mail        |       |    52 ||    52
  Dodge: Dodged            |    40 |    32 ||    72
  Block: Buckler           |    22 |    25 ||    47

Table legend: (Time is in decaauts)
 A = Elapsed time spent in this place.
 B = Non-inter-level travel time spent in this place.
 C = Inter-level travel time spent in this place.
 D = Time resting spent in this place.
 E = Time spent auto-exploring this place.
 F = Levels seen in this place.
 G = Mean time per level.
                   A        B        C        D        E       F      G
               +--------+--------+--------+--------+--------+-----+--------+
         Total |   2513 |   2476 |     37 |      8 |   1586 |   4 |  628.2 |
       Dungeon |   2513 |   2476 |     37 |      8 |   1586 |   4 |  628.2 |
               +--------+--------+--------+--------+--------+-----+--------+

Top non-repeatable levels by time:
     D:2: 994 daAuts
     D:3: 850 daAuts
     D:1: 662 daAuts
     D:4: 5 daAuts
